Map: Year Zero LE

Players

Skitter

  • Race: Zerg Zerg
  • League: Platinum
  • Spawn Location: 11:00

Jozrael - Winner!

  • Race: Terran Terran
  • League: Platinum
  • Spawn Location: 1:00

VOD

Have the link to the VOD?

Description

Game 1 of a Bo3 match in an amateur SC2 league

Time

  • Played on: April 4, 2019, 9:13 p.m.
  • Length: 13:19
Show
View Real Time Build Order
Export as new Build Order

Skitter Zerg 

Build Orders: Hatch First 

Get SALT Encoding   

  12  0:01  Drone  
  13  0:13  Overlord  
  13  0:18  Drone  
  14  0:32  Drone x2  
  17  0:42  Drone  
  17  0:56  Hatchery  
  16  0:58  Drone  
  17  1:15  Spawning Pool  
  17  1:17  Drone  
  17  1:21  Extractor  
  17  1:22  Drone  
  17  1:37  Overlord  
  17  1:38  Drone  
  18  1:46  Drone  
  18  1:55  Overlord  
  18  2:03  Queen  
  18  2:04  Zergling x2  
  22  2:08  Drone  
  22  2:15  Queen  
  24  2:29  Metabolic Boost  
  24  2:35  Drone x3  
  27  2:51  Queen  
  27  2:54  Drone x4  
  33  3:01  Drone x2  
  35  3:15  Hatchery  
  35  3:18  Drone  
  35  3:24  Drone  
  35  3:25  Drone x2  
  39  3:27  Drone  
  39  3:31  Drone x2  
  41  3:39  Drone x2  
  43  3:45  Overlord  
  43  4:03  Queen  
  43  4:07  Zergling x10  
  43  4:08  Zergling x4  
  52  4:22  Overlord  
  52  4:23  Overlord  
  52  4:33  Overlord  
  52  4:34  Overlord  
  52  4:44  Drone x5, Overlord  
  51  5:02  Drone x9  
  58  5:09  Hatchery, Baneling Nest  
  58  5:12  Overlord  
  56  5:14  Drone x2  
  56  5:15  Zergling x4  
  56  5:20  Drone, Evolution Chamber  
  56  5:21  Evolution Chamber  
  59  5:28  Extractor  
  59  5:29  Extractor  
  59  5:31  Extractor  
  56  5:37  Hatchery  
  56  5:40  Overlord, Zergling x2  
  56  5:41  Zergling x10  
  61  5:53  Zergling x12  
  61  5:54  Zergling x4  
  69  6:00  Zergling x2  
  70  6:04  Zergling x2  
  70  6:05  Zergling x12  
  70  6:07  Baneling x5  
  70  6:08  Baneling  
  70  6:09  Zergling x2  
  78  6:18  Zerg Ground Armor Level 1  
  78  6:19  Zergling x6  
  78  6:20  Zergling x4  
  83  6:35  Zergling x12  
  89  6:41  Baneling  
  89  6:42  Baneling x2  
  89  6:46  Extractor, Drone x6  
  94  6:52  Drone x5  
  99  7:08  Queen  
  99  7:14  Zerg Melee Weapons Level 1  
  101  7:19  Extractor  
  95  7:30  Zergling x30  
  95  7:31  Baneling x8  
  109  7:42  Lair  
  109  7:48  Overlord x3  
  109  8:06  Overlord x3  
  109  8:09  Zergling x8  
  109  8:10  Zergling x20  
  123  8:17  Drone  
  124  8:38  Baneling x4  
  124  8:39  Baneling x9  
  124  8:44  Overlord  
  124  8:45  Centrifical Hooks  
  96  9:03  Zergling x26  
  96  9:04  Zergling x2  
  96  9:09  Zerg Ground Armor Level 2  
  106  9:10  Zerg Melee Weapons Level 2  
  106  9:11  Zergling x6  
  106  9:12  Zergling x10  
  106  9:16  Overlord  
  87  9:28  Zergling x20  
  87  9:29  Zergling x22  
  108  9:36  Drone x4  
  112  9:50  Infestation Pit  
  112  9:51  Spire  
  110  10:19  Drone x2  
  110  10:20  Drone x2  
  114  10:22  Zergling x2  
  114  10:23  Zergling x40  
  114  10:24  Zergling x6  
  114  10:25  Overlord  
  137  10:42  Zergling x18  
  137  10:43  Zergling x12  
  137  10:46  Baneling x10  
  137  10:47  Baneling x16  
  138  10:55  Zergling x12  
  131  11:04  Hive  
  131  11:10  Overseer  
  129  11:39  Baneling x6  
  121  11:40  Baneling x7  
  98  11:50  Zergling x16  
  98  11:51  Zergling x46  
  117  11:59  Zergling x2  
  117  12:00  Zergling x2  
  101  12:19  Zergling x2  
  101  12:20  Zergling x16  
  85  12:25  Zergling x8  
  85  12:29  Mutalisk  
  78  12:42  Baneling x3  
  57  12:55  Zergling x20  
  57  12:56  Zergling x8  
Show
View Real Time Build Order
Export as new Build Order

Jozrael Terran - Winner!

Build Orders: Reaper Expand, Mech 

Get SALT Encoding   

  12  0:01  SCV  
  13  0:13  SCV  
  14  0:19  Supply Depot  
  14  0:25  SCV  
  15  0:41  Barracks  
  15  0:42  SCV  
  16  0:53  Refinery  
  16  0:54  SCV  
  17  1:06  SCV  
  18  1:18  SCV  
  19  1:31  Orbital Command  
  19  1:46  Reaper  
  19  1:57  Command Center  
  19  2:00  SCV  
  20  2:13  Factory  
  20  2:14  SCV  
  21  2:19  Marine  
  22  2:26  SCV  
  23  2:34  Refinery  
  23  2:44  Supply Depot  
  23  2:47  Barracks Reactor  
  23  2:54  Barracks  
  23  3:03  Factory Tech Lab  
  23  3:05  SCV  
  23  3:12  Starport, Orbital Command  
  24  3:18  SCV  
  25  3:26  Marine x2  
  27  3:30  Supply Depot, SCV  
  27  3:34  Siege Tank  
  31  3:40  SCV  
  32  3:42  SCV  
  32  3:43  Barracks Tech Lab  
  32  3:45  Marine  
  34  3:52  SCV  
  34  3:54  Medivac  
  37  3:55  SCV  
  38  4:05  SCV  
  38  4:08  SCV  
  40  4:10  Refinery  
  40  4:12  Marine x2  
  40  4:13  Marine  
  43  4:18  SCV  
  43  4:20  SCV  
  45  4:31  Starport Reactor  
  45  4:32  SCV x2  
  47  4:44  SCV x2  
  49  4:50  Marine  
  49  4:51  Marine  
  51  4:59  SCV  
  49  5:00  Siege Tank, SCV  
  53  5:08  Marine  
  54  5:17  Stimpack  
  54  5:33  Supply Depot  
  54  5:34  Supply Depot  
  54  5:37  Engineering Bay  
  54  5:38  Engineering Bay  
  54  5:54  Marine x2, SCV  
  54  5:55  Siege Tank, SCV  
  60  6:06  SCV  
  60  6:07  SCV  
  62  6:12  Marine x3  
  62  6:14  Refinery  
  62  6:15  Medivac x2  
  62  6:18  SCV  
  70  6:29  Barracks x2  
  70  6:30  Command Center  
  70  6:31  Factory x2  
  70  6:39  Terran Infantry Weapons Level 1  
  70  6:47  Terran Infantry Armor Level 1  
  70  7:17  Marine  
  70  7:19  Supply Depot, SCV  
  70  7:21  SCV  
  70  7:22  Supply Depot, Marine x2, Viking  
  70  7:23  Viking  
  69  7:32  SCV, Factory Tech Lab, Barracks Reactor  
  69  7:33  Factory Tech Lab, Barracks Reactor  
  70  7:40  Marine x3  
  70  7:41  Siege Tank, SCV  
  77  7:45  SCV  
  77  7:47  Command Center  
  78  7:53  SCV  
  78  7:55  Armory  
  78  7:57  SCV  
  80  7:58  Marine x2, Combat Shield  
  80  8:02  Marine  
  80  8:05  SCV  
  84  8:08  Hellion  
  86  8:20  Supply Depot  
  86  8:21  Supply Depot x2  
  86  8:22  Supply Depot  
  86  8:23  Supply Depot  
  86  8:24  Supply Depot  
  86  8:28  Marine x6, SCV x2  
  94  8:42  Marine, Hellion x3, Viking x2  
  98  9:05  Marine x7  
  101  9:14  Siege Tank  
  101  9:15  Siege Tank  
  91  9:22  Marine  
  91  9:23  Marine x6  
  94  9:31  SCV x2  
  96  9:40  Marine x2  
  96  9:41  Marine x4  
  96  9:45  Marine  
  103  9:49  Terran Infantry Weapons Level 2, Terran Infantry Armor Level 2  
  103  9:52  SCV x2  
  105  9:58  Siege Tank, Marine x2  
  105  9:59  Siege Tank x2  
  116  10:00  Marine x3  
  116  10:01  Marine  
  116  10:03  Marine  
  116  10:04  SCV  
  116  10:05  SCV  
  123  10:07  Orbital Command  
  123  10:16  Marine x2  
  123  10:18  Marine x2  
  127  10:27  Supply Depot x2  
  127  10:28  Refinery x2  
  127  10:30  Siege Tank, Supply Depot  
  127  10:31  Siege Tank x2  
  127  10:32  Marine x3  
  127  10:33  Orbital Command  
  139  10:40  Command Center  
  125  11:03  Hellion x3  
  131  11:15  SCV  
  131  11:16  SCV x2  
  134  11:20  Marine x7  
  141  11:27  SCV  
  141  11:28  SCV x2  
  144  11:38  Marine x7  
  141  11:55  Marine  
  141  11:56  Marine x2  
  141  12:00  Marine  
  141  12:01  Marine x3  
  117  12:13  Marine  
  117  12:14  Marine x2  
  120  12:18  Marine  
  120  12:19  Marine x2  
  105  12:26  Marine  
  105  12:27  Siege Tank x2  
  105  12:28  Siege Tank  
  113  12:39  Marine  
  113  12:40  Marine x5  
  119  12:44  Marine  
  118  12:57  Marine  
  118  12:58  Marine x5  
Tags
 
Add a new tag
Caveats
  • Supply blocks, unpowered buildings, or Contaminate may cause inaccurate times.
  • Supply counts are checked every 10 seconds.